 Dungeon Crawl Stone Soup version 0.29-a0-187-ga23d9638d5 (webtiles) character file.

Game seed: 9028296950330802174

151 freelancePsychic the Shooter (level 5, -1/46 HPs)
             Began as a Minotaur Hunter on Feb 21, 2022.
             Succumbed to an orc wizard's poison
             ... on level 3 of the Dungeon.
             The game lasted 00:03:51 (2059 turns).

freelancePsychic the Shooter (Minotaur Hunter)      Turns: 2059, Time: 00:03:52

Health: -1/46      AC:  5    Str: 23    XL:     5   Next: 11%
Magic:  1/4        EV: 11    Int: 14    God:
Gold:   92         SH:  0    Dex: 12    Spells: 4/4 levels left

rFire   + . .      SeeInvis .   a - +1 shortbow
rCold   + . .      Faith    .   (shield currently unavailable)
rNeg    . . .      Spirit   +   q - +0 ring mail
rPois   +          Reflect  .   (helmet restricted)
rElec   +          Harm     .   (no cloak)
rCorr   +          Rampage  .   (no gloves)
Will    .....                   (no boots)
Stlth   +.........              i - amulet of guardian spirit
HPRegen 0.15/turn               d - +6 ring of intelligence
MPRegen 0.09/turn               m - +6 ring of strength

@: mighty, lethally poisoned (-1 -> -19), resistant
A: horns 2, retaliatory headbutt
a: no special abilities


You were on level 3 of the Dungeon.
You visited 1 branch of the dungeon, and saw 3 of its levels.

You collected 92 gold pieces.

Inventory:

Hand Weapons
 a - a +1 shortbow (weapon)
Armour
 b - a +0 leather armour
 l - +0 gold dragon scales
 q - a +0 ring mail (worn)
Jewellery
 d - a +6 ring of intelligence (left hand)
 i - an amulet of guardian spirit (around neck)
 m - a +6 ring of strength (right hand)
 r - a ring of see invisible
Scrolls
 c - a scroll of fog {unknown}
 e - 2 scrolls of amnesia {unknown}
 g - 5 scrolls of identify {unknown}
 j - a scroll of vulnerability {unknown}
 k - a scroll of holy word {unknown}
 n - a scroll of teleportation {unknown}
 p - 2 scrolls of torment {unknown}
Potions
 f - a potion of might
 o - a potion of lignification {unknown}


   Skills:
 + Level 4.0 Fighting
 * Level 6.2 Bows
 + Level 1.5 Armour
 - Level 2.1 Dodging
 - Level 0.7 Stealth


You had 4 spell levels left.
You didn't know any spells.
Your spell library contained the following spells:

 Spells                   Type           Power      Damage    Failure   Level
 Inner Flame              Hex/Fire       0%         N/A       80%         3
 Tukima's Dance           Hex            0%         N/A       80%         3
 Cause Fear               Hex            0%         N/A       99%         4
 Passage of Golubria      Tloc           0%         N/A       99%         4
 Yara's Violent Unravell  Hex/Tmut       0%         3d3       100%        5
 Discord                  Hex            0%         N/A       100%        8


Dungeon Overview and Level Annotations

Branches:
Dungeon (3/15)

Altars:

Annotations:
D:2 Sigmund


Innate Abilities, Weirdness & Mutations

You have a pair of horns on your head.
You reflexively headbutt those who attack you in melee.


Message History

Press: ? - help, Shift-Dir - straight line, f/p - orc wizard
Aim: an orc wizard, wielding a +2 dagger of venom and wearing a +0 robe (almost dead)
You shoot an arrow.
The arrow closely misses the orc wizard.
The arrow hits the orc!
The orc is almost dead.
You feel very sick.
Shoot: a) +1 shortbow
Press: ? - help, Shift-Dir - straight line, f/p - orc wizard
Aim: an orc wizard, wielding a +2 dagger of venom and wearing a +0 robe (almost dead)
You shoot an arrow. The arrow barely misses the orc wizard.
You feel sick. The orc wizard misses you. The orc hits you with a +0 hand axe.
* * * LOW HITPOINT WARNING * * *
The orc wizard hits you with a +2 dagger of venom.
* * * LOW HITPOINT WARNING * * *
You are lethally poisoned!
Shoot: a) +1 shortbow
Press: ? - help, Shift-Dir - straight line, f/p - orc wizard
Aim: an orc wizard, wielding a +2 dagger of venom and wearing a +0 robe (almost dead)
You shoot an arrow.
The arrow closely misses the orc wizard.
* * * LOW HITPOINT WARNING * * *
You feel very sick. The orc hits you with a +0 hand axe.
* * * LOW HITPOINT WARNING * * *
The orc wizard mumbles some strange words.
The orc wizard flickers and vanishes!
Deactivating autopickup; reactivate with Ctrl-A.
It was a potion of might.
You feel very mighty all of a sudden.
* * * LOW HITPOINT WARNING * * *
You feel sick. The orc misses you. You furiously retaliate!
You headbutt the orc.
You kill the orc!
Something hits you.
* * * LOW HITPOINT WARNING * * *
You are more poisoned.
It was a potion of resistance.
You feel protected.
You die...

........###########.#
.#..................#
...[##.############.#
.#####.# #.# ## #.###
#.# # #...# #.# #
###.# #)# #.# ####.#
#.# #@{.†# #.# #o##.#
### #)##.# #K##.#
#)##.# ..##.# ......
......


You could see an orc and a kobold.

Vanquished Creatures
  Terence (D:2)
  3 gnolls (D:2)
  2 adders
  A worm (D:3)
  2 orcs (D:3)
  9 ball pythons
  6 endoplasms
  5 giant cockroaches
  3 goblins (D:1)
  7 hobgoblins
  11 jackals
  5 kobolds
  3 quokkas
  2 bats
  2 frilled lizards
  5 rats
67 creatures vanquished.

Vanquished Creatures (others)
  2 plants (D:1)
2 creatures vanquished.

Grand Total: 69 creatures vanquished

Notes
Turn   | Place    | Note
-------+----------+-------------------------------------------
     0 | D:1      | freelancePsychic the Minotaur Hunter began the quest for
                  | the Orb.
     0 | D:1      | Reached XP level 1. HP: 18/18 MP: 0/0
    85 | D:1      | You fall into a shaft and drop 1 floor!
   193 | D:1      | Reached XP level 2. HP: 24/25 MP: 1/1
   288 | D:1      | Reached skill level 5 in Bows
   408 | D:1      | Found a faded altar of an unknown god.
   410 | D:1      | Reached XP level 3. HP: 31/31 MP: 2/2
  1241 | D:2      | Reached XP level 4. HP: 38/38 MP: 3/3
  1312 | D:2      | Noticed Sigmund
  1422 | D:2      | Noticed Terence
  1427 | D:2      | Killed Terence
  1556 | D:2      | Reached skill level 6 in Bows
  1556 | D:2      | Reached skill level 1 in Armour
  1953 | D:3      | Reached XP level 5. HP: 46/46 MP: 4/4
  2059 | D:3      | Succumbed to an orc wizard's poison

Illustrated notes

Levels and vault maps discovered:
D:1:      minmay_arrival_pointy, layout_loops_ring, shapermc_ecumenical_altar_gd
D:2:      layout_loops_ring, hex_medium, minmay_cupped, uniq_sigmund,
          uniq_terence
D:3:      cheibrodos_fertilizer, layout_loops_ring, dk_yredelemnul_ordeal,
          uniq_crazy_yiuf_cottage

Skill      XL: |  1  2  3  4  5 |
---------------+----------------+-----
Fighting       | 3 4 |  4.0
Bows           | 5 6 |  6.2
Armour         | 1 |  1.5
Dodging        | |  2.1
Stealth        | |  0.7

Action                   |  1- 3 |  4- 6 || total
-------------------------+-------+-------++-------
 Fire: Shortbow          |    88 |    55 ||   143
  Use: Potion            |       |     2 ||     2
Armor: Leather armour    |     4 |       ||     4
       Ring mail         |       |     4 ||     4
Dodge: Dodged            |    14 |    11 ||    25

Table legend: (Time is in decaauts)
 A = Elapsed time spent in this place.
 B = Non-inter-level travel time spent in this place.
 C = Inter-level travel time spent in this place.
 D = Time resting spent in this place.
 E = Time spent auto-exploring this place.
 F = Levels seen in this place.
 G = Mean time per level.
                   A        B        C        D        E       F      G
               +--------+--------+--------+--------+--------+-----+--------+
         Total |   2094 |   1991 |    103 |      0 |   1622 |   3 |  698.0 |
       Dungeon |   2094 |   1991 |    103 |      0 |   1622 |   3 |  698.0 |
               +--------+--------+--------+--------+--------+-----+--------+

Top non-repeatable levels by time:
     D:2: 1133 daAuts
     D:1: 807 daAuts
     D:3: 153 daAuts
